 Dungeon Crawl Stone Soup version 0.18-a0-1123-gbd92598 (webtiles) character file.

130 ventricule the Grave Robber (level 5, 29/29 HPs)
             Began as a Gargoyle Necromancer on Dec 31, 2015.
             Quit the game on level 3 of the Dungeon on Jan 19, 2016.
             The game lasted 00:09:09 (4687 turns).

ventricule the Grave Robber (Gargoyle Necromancer)  Turns: 4687, Time: 00:09:10

Health: 29/29      AC:  6    Str: 13    XL:     5   Next: 13%
Magic:  9/9        EV: 12    Int: 15    God:
Gold:   137        SH:  0    Dex: 10    Spells: 3 memorised, 2 levels left

rFire  . . .     SeeInvis .     e - -2 dagger (curse)
rCold  . . .     Gourm    .     a - +0 robe
rNeg   + . .     Faith    .     (no shield)
rPois  ∞         Spirit   .     (no helmet)
rElec  +         Dismiss  .     (no cloak)
rCorr  .         Reflect  .     (no gloves)
SustAt .         Harm     .     (no boots)
MR     .....                    m - amulet of inaccuracy (curse)
Stlth  ++........               (no ring)
                                (no ring)

@: not resistant to hostile enchantments, unstealthy
A: negative energy resistance 1, electricity resistance, unbreathing,
petrification resistance, rot immunity, AC +4
a: no special abilities


You were on level 3 of the Dungeon.
You were not hungry.

You visited 1 branch of the dungeon, and saw 3 of its levels.

You collected 137 gold pieces.


Innate Abilities, Weirdness & Mutations

You are resistant to torment.
Your stone body is resilient (AC +4).
You are immune to poison.
You resist negative energy.
You are resistant to electric shocks.
You can survive without breathing.
You are immune to petrification.
You are immune to rotting.


   Skills:
 - Level 1.0 Fighting
 - Level 2.5 Armour
 - Level 2.7 Dodging
 - Level 2.1 Stealth
 - Level 2.7 Spellcasting
 + Level 0.6 Charms
 - Level 3.2 Necromancy


You had 2 spell levels left.
You knew the following spells:

 Your Spells              Type           Power        Failure   Level  Hunger
g - Regeneration          Chrm/Necr      #.........   30%         3    ###....
x - Vampiric Draining     Necr           ##........   21%         3    ###....
z - Pain                  Necr           ##..         8%          1    #......

Inventory:

Hand Weapons
 e - a cursed -2 dagger (weapon)
 o - a +0 spear
Missiles
 f - 6 javelins of penetration
 j - 14 tomahawks
 k - 3 poisoned javelins (quivered)
Armour
 a - a +0 robe (worn)
 g - a +2 scale mail of positive energy
Jewellery
 m - a cursed amulet of inaccuracy (around neck)
Potions
 d - a potion of brilliance
 h - a potion of degeneration {!q}
 i - a potion of ambrosia {unknown}
 l - a potion of haste {unknown}
Books
 b - a book of Necromancy

   Spells                             Type                      Level
   a - Pain                           Necromancy                   1
   b - Animate Skeleton               Necromancy                   1
   c - Vampiric Draining              Necromancy                   3
   d - Regeneration                   Charms/Necromancy            3
   e - Animate Dead                   Necromancy                   4
   f - Control Undead                 Necromancy                   4
Comestibles
 c - 2 bread rations

Dungeon Overview and Level Annotations

Branches:
Dungeon (3/15)

Altars:
Kikubaaqudgha
Zin

▒▒▒▒▒▒▒▒▒▒▒▒▒▒
.............▒
............!▒▒
..............▒
.S.....8.......
.............▒▒
.............▒
.............▒
.............▒
......l......▒
............(▒
.............▒


You could see an adder and a giant newt (sleeping).


Message History

Okay, then.
You start resting.
Your magical contamination has completely faded away.
A bat comes into view.
You are feeling hungry.
Things that are here:
a goblin corpse; an adder corpse
Things that are here:
a goblin corpse; an adder corpse You butcher the goblin corpse.
n - a chunk of flesh You see here an adder corpse.
You start resting.
Eating a chunk of flesh.
HP restored.
Magic restored.
The bat closely misses you. The bat barely misses you.
Aiming: Pain
Aim: a bat (chance to defeat MR: 90%)
The bat convulses in agony!
You kill the bat!
There is a stone staircase leading down here.
You climb downwards.
A giant newt and an adder come into view.
Found an amethyst potion and 18 stones.
There is a stone staircase leading up here.
Saving game... please wait.
Welcome back, ventricule the Gargoyle Necromancer.
Autopickup is now off.
Are you sure you want to abandon this character and quit the game? (Confirm with "yes".)

Action                   |  1- 3 |  4- 6 || total
-------------------------+-------+-------++-------
Melee: Dagger            |   103 |    39 ||   142
Throw: Javelin           |       |     7 ||     7
 Cast: Pain              |    67 |    54 ||   121
       Vampiric Draining |       |     2 ||     2
  Use: Scroll            |     4 |       ||     4
 Stab: Sleeping          |     1 |     1 ||     2
  Eat: Chunk             |     3 |     7 ||    10
       Bread ration      |     1 |       ||     1

Vault maps used:
D:1:      grunt_arrival_lava_bath, minivault_26, minmay_misc_feat_x
D:2:      nicolae_overflow_crystal_walls, lemuel_round_altar, uniq_jessica
D:3:      lemuel_crystal_altar, cheibrodos_ashenzari_chains

Notes
Turn   | Place    | Note
--------------------------------------------------------------
     0 | D:1      | ventricule the Gargoyle Necromancer began the quest for the Orb.
     0 | D:1      | Reached XP level 1. HP: 10/10 MP: 3/3
    66 | D:1      | Reached skill level 1 in Fighting
   339 | D:1      | Reached XP level 2. HP: 10/16 MP: 1/5
   487 | D:1      | Reached skill level 2 in Dodging
  1127 | D:1      | Reached XP level 3. HP: 12/20 MP: 3/6
  1579 | D:1      | Learned a level 3 spell: Vampiric Draining
  2415 | D:2      | Reached skill level 1 in Armour
  2831 | D:2      | Found a glowing silver altar of Zin.
  2839 | D:2      | Reached XP level 4. HP: 18/25 MP: 2/7
  2959 | D:2      | Noticed Jessica
  2966 | D:2      | Killed Jessica
  3088 | D:2      | Reached skill level 2 in Armour
  3300 | D:2      | Found an ancient bone altar of Kikubaaqudgha.
  4310 | D:2      | Reached XP level 5. HP: 13/29 MP: 1/9
  4457 | D:2      | Learned a level 3 spell: Regeneration
  4687 | D:3      | Upgraded the game from 0.18-a0-960-g77c8fc5 to 0.18-a0-1123-gbd92598
  4687 | D:3      | Quit the game

Vanquished Creatures
  Jessica (D:2)
  3 adders (D:2)
  2 oozes
  2 worms (D:2)
  2 giant geckos (D:1)
  9 bats
  5 giant cockroaches
  8 hobgoblins
  6 jackals
  5 kobolds
  A quokka (D:2)
  2 giant newts (D:1)
  7 goblins
  5 rats
58 creatures vanquished.
